[Event "Titled Tuesday Blitz May 4 2021"]
[White "Gurevich, Dmitry"]
[Black "Bendayan Claros, Aaron"]
[WhiteFideId "2000407"]
[BlackFideId "3803392"]
[WhiteElo "2506"]
[BlackElo "2166"]
[Result "1-0"]
[Round "11"]
[TimeControl "180+1"]
[Date "2021.05.04"]
[WhiteClock "0:00:09"]
[BlackClock "0:00:05"]

1. e4 c6 2. d4 d5 3. e5 Bf5 4. h4 h5 5. c4 e6 6. Nc3 Ne7 7. Nge2 Nd7 8. Nf4 g6 9. Be3 dxc4 10. Bxc4 Nb6 11. Bb3 Ned5 12. Qf3 Bb4 13. Rc1 Bg4 14. Qg3 Nxc3 15. bxc3 Ba3 16. Rc2 Nd5 17. O-O Be7 18. Nxd5 cxd5 19. Ba4+ Kf8 20. Bg5 Bxg5 21. hxg5 Qxg5 22. c4 h4 23. Qe3 Qxe3 24. fxe3 dxc4 25. Bb5 Bf5 26. Rc3 Bd3 27. Rfc1 h3 28. Bxc4 Bxc4 29. Rxc4 hxg2 30. Kxg2 Kg7 31. Rc7 b6 32. Rb7 Rhc8 33. Rxc8 Rxc8 34. Rxa7 Rc2+ 35. Kf3 Rb2 36. e4 g5 37. d5 exd5 38. exd5 Rb5 39. Ke4 Rb4+ 40. Kf5 Rb5 41. d6 g4 42. d7 Rd5 43. Ke4 Rd1 44. e6 Kf8 45. d8=Q+ Rxd8 46. e7+ Ke8 47. exd8=Q+ Kxd8 48. Kf4 f5 49. Kxf5 Kc8 50. Kxg4 Kb8 51. Rh7 b5 52. Kf4 b4 53. Ke3 b3 54. axb3 1-0


[Site "https://www.chess.com"]

[Event "Titled Tuesday Blitz May 4 2021"]
[White "Gusarov, Grigory"]
[Black "Ognean, Mihnea-Ionut"]
[WhiteFideId "24102172"]
[BlackFideId "1232347"]
[WhiteElo "2285"]
[BlackElo "2012"]
[Result "1-0"]
[Round "11"]
[TimeControl "180+1"]
[Date "2021.05.04"]
[WhiteClock "0:00:19"]
[BlackClock "0:00:09"]

1. d4 Nf6 2. Nf3 e6 3. c4 d5 4. g3 dxc4 5. Qa4+ Nbd7 6. Bg2 a6 7. Qxc4 b5 8. Qc2 Bb7 9. O-O c5 10. dxc5 Bxc5 11. a4 O-O 12. axb5 axb5 13. Rxa8 Qxa8 14. Nc3 b4 15. Na4 Be4 16. Qd1 Be7 17. Ne1 Rd8 18. Bxe4 Nxe4 19. Qc2 Ndc5 20. Nxc5 Nxc5 21. Be3 Qd5 22. Bxc5 Bxc5 23. Nd3 Be7 24. Ra1 h5 25. Ra7 Bf6 26. Nxb4 Qd1+ 27. Qxd1 Rxd1+ 28. Kg2 Bxb2 29. Nd3 Bf6 30. h4 g6 31. Ra8+ Kg7 32. Ra7 Rd2 33. Kf3 Rc2 34. Nf4 Rc6 35. e3 Rd6 36. Ra5 Rc6 37. Nd3 Rd6 38. Ke2 Rd7 39. f4 Rb7 40. Kf3 Rd7 41. Ra3 Rb7 42. e4 Rd7 43. e5 Be7 44. Rb3 Rc7 45. Nf2 Rd7 46. Ne4 Rc7 47. Rd3 Ra7 48. Nd2 Rc7 49. Nf1 Ra7 50. Ne3 Rc7 51. Rb3 Ra7 52. Nc4 Rc7 53. Nd2 Ra7 54. Ne4 Ra3 55. Rxa3 Bxa3 56. Ng5 Be7 57. Ne4 Kf8 58. Nd2 Ke8 59. Ke4 Kd7 60. Nf3 Bd8 61. Ke3 Bb6+ 62. Ke2 Bd8 63. Nd2 Kc6 64. Kf3 Kd5 65. Ne4 Be7 66. Nf2 Bc5 67. Nh3 Be7 68. Ng1 Kc4 69. Ke4 Bc5 70. Nf3 Bf2 71. Ng5 Bxg3 72. Nxf7 Bxh4 73. Nh8 g5 74. Ng6 Bg3 75. fxg5 h4 76. Nxh4 Bxh4 77. g6 Be7 78. g7 Bc5 79. g8=Q 1-0


[Site "https://www.chess.com"]

[Event "Titled Tuesday Blitz May 4 2021"]
[White "Guzman Moneo, Alberto"]
[Black "Lysenko, Volodymyr"]
[WhiteFideId "2209616"]
[BlackFideId "14175770"]
[WhiteElo "2157"]
[BlackElo "1957"]
[Result "1-0"]
[Round "11"]
[TimeControl "180+1"]
[Date "2021.05.04"]
[WhiteClock "0:00:06"]
[BlackClock "0:00:09"]

1. e4 e6 2. Nf3 d5 3. e5 c5 4. b4 cxb4 5. a3 Nc6 6. axb4 Bxb4 7. c3 Be7 8. d4 f6 9. Bd3 fxe5 10. Nxe5 Nxe5 11. dxe5 g6 12. h4 Qc7 13. Qe2 Bd7 14. h5 g5 15. h6 a6 16. Qh5+ Kd8 17. f4 Be8 18. Qg4 d4 19. c4 Nf6 20. exf6 Bxf6 21. Qxe6 Be7 22. Bf5 Bb4+ 23. Bd2 Bxd2+ 24. Nxd2 Qxf4 25. Rf1 Qg3+ 26. Rf2 Qe3+ 27. Qxe3 dxe3 28. Re2 exd2+ 29. Rxd2+ Kc7 30. g4 Bc6 31. Kf2 Rhe8 32. Bxh7 Re6 33. Bf5 Rxh6 34. Rad1 Rah8 35. Ke3 Rh3+ 36. Kd4 Rd8+ 37. Ke5 Re3+ 38. Kf6 Rf8+ 39. Kxg5 a5 40. Kf4 Rh3 41. Ra1 a4 42. c5 a3 43. Rda2 Rc3 44. Rxa3 Rxc5 45. Re1 Rc4+ 46. Kg5 Rg8+ 47. Kh4 Rd4 48. Rc3 b5 49. Re6 Rd6 50. Rxd6 Kxd6 51. Rd3+ Kc5 52. Rc3+ Kb6 53. g5 b4 54. Rb3 Kc5 55. g6 Bd5 56. Rb1 b3 57. Kg5 Rb8 58. g7 Kb4 59. Kf6 Ka3 60. Ra1+ Kb2 61. Ra5 Bc4 62. Rc5 Kc3 63. Be6 Rb6 64. Rxc4+ Kd3 65. Rh4 b2 66. Rh3+ Kc2 67. Rh2+ Kc3 68. Rxb2 Kxb2 69. g8=Q Rb4 70. Qc8 Ka3 71. Ke7 Ra4 72. Qc5+ Rb4 73. Bd7 Kb3 74. Be6+ Ka3 75. Kd6 Ka4 76. Bd7+ Ka3 77. Qc3+ Rb3 78. Qa1+ Kb4 79. Be6 Ra3 80. Qb2+ Ka4 81. Bd7+ Ka5 82. Qxa3+ Kb6 1-0


[Site "https://www.chess.com"]

[Event "Titled Tuesday Blitz May 4 2021"]
[White "Haessel, Dale R."]
[Black "Khnykin, Nikolay"]
[WhiteFideId "2012618"]
[BlackFideId "4188853"]
[WhiteElo "2167"]
[BlackElo "2280"]
[Result "1/2-1/2"]
[Round "11"]
[TimeControl "180+1"]
[Date "2021.05.04"]
[WhiteClock "0:00:10"]
[BlackClock "0:00:07"]

1. d4 f5 2. g3 Nf6 3. Bg2 g6 4. Nf3 Bg7 5. O-O O-O 6. c4 e6 7. Nc3 d6 8. b3 Nbd7 9. Bb2 e5 10. e4 fxe4 11. Ng5 exd4 12. Ncxe4 Nxe4 13. Bxe4 Nc5 14. Bd5+ Kh8 15. Nf7+ Rxf7 16. Bxf7 Bh3 17. Re1 Qf6 18. Bd5 Rf8 19. Qd2 Qf5 20. Rad1 c6 21. Bh1 Ne6 22. Be4 Qf6 23. Bh1 Ng5 24. Bxd4 Nf3+ 25. Bxf3 Qxf3 26. Bxg7+ Kxg7 27. Qd4+ Kg8 28. Qe4 Qxf2+ 29. Kh1 h5 30. a4 Bg4 31. Qxg6+ Kh8 32. Qh6+ Kg8 33. Qg5+ Kh8 34. Qh6+ Kg8 35. Qg6+ Kh8 36. Qh6+ 1/2-1/2


[Site "https://www.chess.com"]

[Event "Titled Tuesday Blitz May 4 2021"]
[White "Harshavardhan G B"]
[Black "Eynullayev, Altay"]
[WhiteFideId "25059009"]
[BlackFideId "13413562"]
[WhiteElo "1825"]
[BlackElo "2079"]
[Result "1-0"]
[Round "11"]
[TimeControl "180+1"]
[Date "2021.05.04"]
[WhiteClock "0:00:55"]
[BlackClock "0:00:02"]

1. d4 Nf6 2. c4 e6 3. Nc3 Bb4 4. Qc2 O-O 5. e4 d5 6. e5 Ne4 7. Bd3 c5 8. Ne2 cxd4 9. Nxd4 Qh4 10. g3 Qh5 11. Bf4 Nc5 12. cxd5 Nxd3+ 13. Qxd3 exd5 14. O-O Nc6 15. Nxd5 Bc5 16. Nxc6 bxc6 17. Nc3 Bf5 18. Qe2 Qg6 19. Rfe1 Bd4 20. Ne4 Bxe4 21. Qxe4 Qxe4 22. Rxe4 Bxb2 23. Rb1 Ba3 24. Be3 Rab8 25. Rxb8 Rxb8 26. Ra4 Bb2 27. f4 g5 28. Kf2 gxf4 29. gxf4 Rd8 30. Rxa7 Bd4 31. Bxd4 Rxd4 32. Ke3 Rc4 33. a4 Kg7 34. f5 Kf8 35. a5 Rh4 36. a6 Rxh2 37. Rc7 Ra2 38. a7 Kg7 39. e6 h5 40. Rxf7+ Kh6 41. e7 1-0


[Site "https://www.chess.com"]

[Event "Titled Tuesday Blitz May 4 2021"]
[White "Havanecz, Bianka"]
[Black "Hartikainen, Jarmo"]
[WhiteFideId "704814"]
[BlackFideId "503134"]
[WhiteElo "2317"]
[BlackElo "2089"]
[Result "1-0"]
[Round "11"]
[TimeControl "180+1"]
[Date "2021.05.04"]
[WhiteClock "0:00:03"]
[BlackClock "0:00:03"]

1. d4 Nf6 2. c4 g6 3. Nc3 d5 4. Nf3 Bg7 5. Bf4 O-O 6. Rc1 c6 7. e3 Bg4 8. Qb3 Bxf3 9. gxf3 b6 10. cxd5 Nxd5 11. Nxd5 cxd5 12. h4 h5 13. Bc7 Qd7 14. Bb5 Qf5 15. Ke2 Nd7 16. Bc6 Rac8 17. Bxd5 e5 18. Be4 Qe6 19. Qxe6 fxe6 20. dxe5 Nxe5 21. Bxe5 Bxe5 22. Bxg6 Bxb2 23. Rxc8 Rxc8 24. Bxh5 Bf6 25. Rg1+ Kf8 26. Bg6 Bxh4 27. Bd3 Bf6 28. f4 Rc5 29. Rg6 Kf7 30. Rh6 b5 31. Rh7+ Bg7 32. Rh1 a5 33. Rb1 b4 34. f3 Rc3 35. e4 Bf8 36. f5 a4 37. fxe6+ Kxe6 38. Kd2 Bd6 39. Ke3 Bc5+ 40. Kd2 Bd6 41. Ke2 Ke5 42. Ke3 Bc5+ 43. Kd2 Kd4 44. Be2 b3 45. axb3 axb3 46. Bd1 Rd3+ 47. Ke2 Re3+ 48. Kd2 Rd3+ 49. Ke2 Re3+ 50. Kf2 Kd3 51. Rxb3+ Kd2 52. Rxe3 Bxe3+ 53. Kg3 Kxd1 54. e5 Kd2 55. e6 Bg5 56. Kg4 Be7 57. f4 Ke3 58. Kf5 Kd4 59. Kg6 Kd5 60. Kf7 Kd6 61. f5 1-0


[Site "https://www.chess.com"]

[Event "Titled Tuesday Blitz May 4 2021"]
[White "Heinemann, Josefine"]
[Black "Vivas Zamora, Fabian Ernesto"]
[WhiteFideId "12900460"]
[BlackFideId "3902480"]
[WhiteElo "2300"]
[BlackElo "1966"]
[Result "0-1"]
[Round "11"]
[TimeControl "180+1"]
[Date "2021.05.04"]
[WhiteClock "0:00:03"]
[BlackClock "0:00:16"]

1. e4 e5 2. Nf3 Nc6 3. Bb5 f5 4. Nc3 fxe4 5. Nxe4 Nf6 6. Nxf6+ Qxf6 7. Qe2 Be7 8. d4 Nxd4 9. Nxd4 exd4 10. O-O c6 11. Bd3 O-O 12. c3 dxc3 13. bxc3 d5 14. Be3 Qxc3 15. Rad1 Qf6 16. Bd4 Qf7 17. Qc2 g6 18. Rde1 Bf6 19. Bc5 Re8 20. Rxe8+ Qxe8 21. Bb4 Bd7 22. Re1 Qf7 23. Re3 Re8 24. Rf3 Qg7 25. h3 b6 26. Kh2 c5 27. Ba3 Bc6 28. g3 d4 29. Rf4 Re1 30. Qc4+ Kh8 31. Bf1 Qe7 32. Bg2 Bxg2 33. Kxg2 Kg7 34. Qd5 g5 35. Rf3 h5 36. Qf5 Qe6 37. Qd3 Qe2 38. Qf5 Qf1+ 39. Kh2 Qh1# 0-1


[Site "https://www.chess.com"]

[Event "Titled Tuesday Blitz May 4 2021"]
[White "Hernandez Jimenez, Alexander Andres"]
[Black "Lagunow, Raphael"]
[WhiteFideId "3900452"]
[BlackFideId "24652644"]
[WhiteElo "2151"]
[BlackElo "2400"]
[Result "1-0"]
[Round "11"]
[TimeControl "180+1"]
[Date "2021.05.04"]
[WhiteClock "0:00:38"]
[BlackClock "0:00:21"]

1. e4 c5 2. Nf3 Nc6 3. d4 cxd4 4. Nxd4 Nf6 5. Nc3 e5 6. Ndb5 d6 7. Bg5 a6 8. Bxf6 gxf6 9. Na3 b5 10. Nd5 f5 11. exf5 Bxf5 12. Qf3 Nd4 13. Nc7+ Qxc7 14. Qxa8+ Ke7 15. Qxa6 Bh6 16. c3 b4 17. cxd4 bxa3 18. Qxa3 exd4 19. Bd3 Ra8 20. Qxa8 Bxd3 21. Rd1 Qc2 22. Qf3 Be4 23. Qe2 d5 24. Qxc2 Bxc2 25. Rxd4 1-0


[Site "https://www.chess.com"]

[Event "Titled Tuesday Blitz May 4 2021"]
[White "Hess, Robert"]
[Black "Zverev, Lev"]
[WhiteFideId "2022036"]
[BlackFideId "24250775"]
[WhiteElo "2557"]
[BlackElo "2107"]
[Result "1-0"]
[Round "11"]
[TimeControl "180+1"]
[Date "2021.05.04"]
[WhiteClock "0:00:04"]
[BlackClock "0:00:02"]

1. b3 d5 2. Bb2 Nf6 3. h3 Nc6 4. d3 e5 5. Nd2 Bc5 6. e3 O-O 7. Ne2 Re8 8. g4 Be6 9. Bg2 Nd7 10. Ng3 d4 11. Bxc6 bxc6 12. e4 Be7 13. Nf5 Bg5 14. Nf3 Bf4 15. Bc1 Bxc1 16. Qxc1 g6 17. Qh6 Qf6 18. g5 Qh8 19. Ng3 Qg7 20. Qh4 c5 21. Nh2 f6 22. Ng4 Bxg4 23. hxg4 fxg5 24. Qxg5 Nf8 25. O-O-O Ne6 26. Qh4 Nf4 27. Kb2 a5 28. Rdg1 a4 29. Nh5 Nxh5 30. gxh5 axb3 31. cxb3 Ra6 32. hxg6 hxg6 33. Rc1 Rea8 34. a4 Ra5 35. Rc4 Rb8 36. f4 exf4 37. Qxf4 Rf8 38. Qg5 Rf2+ 39. Ka3 Qf6 40. Qd5+ Kg7 41. Qd7+ Qf7 42. Qd8 Qf8 43. Qxc7+ Qf7 44. Qxa5 Re2 45. Qxc5 Rf2 46. Qxd4+ Kg8 47. Rh8# 1-0


[Site "https://www.chess.com"]

[Event "Titled Tuesday Blitz May 4 2021"]
[White "Howell, David W L"]
[Black "Iniyan, P"]
[WhiteFideId "410608"]
[BlackFideId "25002767"]
[WhiteElo "2643"]
[BlackElo "2400"]
[Result "1-0"]
[Round "11"]
[TimeControl "180+1"]
[Date "2021.05.04"]
[WhiteClock "0:00:25"]
[BlackClock "0:00:07"]

1. d4 Nf6 2. c4 g6 3. g3 Bg7 4. Bg2 O-O 5. Nf3 d6 6. Nc3 Nc6 7. O-O a6 8. b3 Rb8 9. d5 Na5 10. Bg5 h6 11. Bd2 c5 12. dxc6 Nxc6 13. Rc1 Bd7 14. e4 b5 15. cxb5 axb5 16. Qe2 b4 17. Nd5 Nxd5 18. exd5 Ne5 19. Nd4 Qa5 20. a4 Rbc8 21. h3 Rxc1 22. Rxc1 Rc8 23. Rxc8+ Bxc8 24. Nc6 Nxc6 25. dxc6 Be6 26. Qb5 Qa7 27. Qxb4 Bd4 28. Be1 Be5 29. a5 Qa6 30. Bc3 Qe2 31. Bxe5 Qxe5 32. c7 Kg7 33. Kh2 d5 34. Qc5 Bc8 35. b4 e6 36. b5 Qa1 37. b6 g5 38. Qb4 Bb7 39. Qc5 Bc8 40. Qb5 Bb7 41. Qb4 Qe5 42. a6 Bxa6 43. b7 Bxb7 44. Qxb7 1-0


[Site "https://www.chess.com"]

[Event "Titled Tuesday Blitz May 4 2021"]
[White "Ibrayev, Nurlan"]
[Black "Prydun, Andriy"]
[WhiteFideId "13700650"]
[BlackFideId "14145898"]
[WhiteElo "2366"]
[BlackElo "2033"]
[Result "0-1"]
[Round "11"]
[TimeControl "180+1"]
[Date "2021.05.04"]
[WhiteClock "0:00:06"]
[BlackClock "0:00:24"]

1. d4 d5 2. c4 c6 3. Nf3 Nf6 4. Nc3 e6 5. Bg5 h6 6. Bxf6 Qxf6 7. e4 dxe4 8. Nxe4 Bb4+ 9. Ke2 Qd8 10. g3 O-O 11. Bg2 b6 12. a3 Be7 13. Re1 Bb7 14. Kf1 Nd7 15. Qc2 Qc7 16. c5 bxc5 17. dxc5 a5 18. b4 axb4 19. axb4 Rxa1 20. Rxa1 Nf6 21. Kg1 Nd5 22. Qc4 Rb8 23. Ra7 Rd8 24. h4 Qb8 25. Ra1 Bc8 26. Rb1 e5 27. b5 Be6 28. b6 Ne3 29. Qc3 Nxg2 30. Kxg2 Bd5 31. Re1 f5 32. Ned2 e4 33. Nd4 Bf6 34. Kg1 Qe5 35. N2b3 Bxb3 36. Qxb3+ Kh7 37. Ne6 Rd3 38. Qa2 Qc3 39. Nf8+ Kh8 40. Rf1 Bd4 41. Ng6+ Kh7 42. Nf8+ Kh8 43. Kg2 Rd2 44. Qf7 Qf3+ 45. Kh3 Qg4+ 46. Kh2 Bxf2 47. Qc7 Bxg3+ 48. Kh1 Qh3+ 0-1


[Site "https://www.chess.com"]

[Event "Titled Tuesday Blitz May 4 2021"]
[White "Iskusnyh, Sergei"]
[Black "Christensen, Thomas"]
[WhiteFideId "4120027"]
[BlackFideId "1403532"]
[WhiteElo "2492"]
[BlackElo "2331"]
[Result "1-0"]
[Round "11"]
[TimeControl "180+1"]
[Date "2021.05.04"]
[WhiteClock "0:00:40"]
[BlackClock "0:00:04"]

1. d4 Nc6 2. d5 Ne5 3. Nf3 Ng6 4. g3 e5 5. dxe6 fxe6 6. c4 Bc5 7. Bg2 Nf6 8. O-O O-O 9. Nc3 a6 10. Qc2 d6 11. e3 e5 12. Ng5 c6 13. b3 Qe8 14. Nce4 Nxe4 15. Bxe4 Rf6 16. Bg2 Bf5 17. Ne4 Bxe4 18. Bxe4 Qe6 19. b4 Ba7 20. a4 d5 21. cxd5 cxd5 22. Bg2 e4 23. Bb2 Ne5 24. Qc7 Nf3+ 25. Bxf3 exf3 26. Bxf6 gxf6 27. Qxb7 Qh3 28. Qxd5+ Kg7 29. Qb7+ Kh6 30. Qxf3 Rg8 31. Qxf6+ Rg6 32. Qf4+ Kg7 33. Rac1 Rg4 34. Rc7+ Kg6 35. Qf7+ Kh6 36. Qxh7+ Kg5 37. Qxh3 1-0


[Site "https://www.chess.com"]

[Event "Titled Tuesday Blitz May 4 2021"]
[White "Ismayil, Malak"]
[Black "Borawski, Jakub"]
[WhiteFideId "13412604"]
[BlackFideId "1143000"]
[WhiteElo "1879"]
[BlackElo "2020"]
[Result "1-0"]
[Round "11"]
[TimeControl "180+1"]
[Date "2021.05.04"]
[WhiteClock "0:00:03"]
[BlackClock "0:00:02"]

1. e4 e5 2. Nf3 Nc6 3. Bc4 Bc5 4. d3 Nf6 5. Nc3 a6 6. Bg5 h6 7. Bxf6 Qxf6 8. Nd5 Qd8 9. Qd2 d6 10. O-O-O Be6 11. h3 b5 12. Bb3 a5 13. a4 Ne7 14. Nxe7 Qxe7 15. d4 Bb4 16. Qe2 bxa4 17. Bxa4+ Bd7 18. Bxd7+ Qxd7 19. dxe5 Qa4 20. Kb1 O-O 21. exd6 Bxd6 22. Rd4 Qc6 23. e5 Be7 24. Qc4 Qb6 25. Qb3 Qa6 26. Qd3 Qb6 27. Nd2 a4 28. Nc4 Qc6 29. Rd1 Rab8 30. Ka1 Rb4 31. Na3 Rb6 32. Qc4 Qb7 33. Qc3 Rb8 34. Nc4 Rb4 35. Rb1 Bc5 36. Rd7 Qb5 37. Rxc7 Rxc4 38. Qf3 Qe8 39. Qd5 Qe6 40. Rxc5 Qxd5 41. Rxd5 Rxc2 42. f4 Rxg2 43. Ra5 Rb4 44. f5 Rf2 45. e6 fxe6 46. fxe6 Re2 47. Ra6 Rbe4 48. Rc1 Rxe6 49. Rxa4 Rb6 50. Ra8+ Kh7 51. Ra2 Rb3 52. h4 Rh2 53. Ra7 Rxh4 54. Rg1 Rbb4 55. Rgxg7+ Kh8 56. Rh7+ Kg8 57. Rhc7 Rhf4 58. Rc8+ Rf8 59. Rc6 Rf1+ 60. Ka2 Rf8 61. Rxh6 Rc4 62. Rg6+ Kh8 63. Ra5 Rd4 64. Rh5# 1-0


[Site "https://www.chess.com"]

[Event "Titled Tuesday Blitz May 4 2021"]
[White "Ivanisevic, Ivan"]
[Black "Kovalev, Vladislav"]
[WhiteFideId "912417"]
[BlackFideId "13504398"]
[WhiteElo "2525"]
[BlackElo "2573"]
[Result "0-1"]
[Round "11"]
[TimeControl "180+1"]
[Date "2021.05.04"]
[WhiteClock "0:00:04"]
[BlackClock "0:00:07"]

1. d4 Nf6 2. c4 g6 3. Nc3 Bg7 4. e4 d6 5. h3 O-O 6. Bg5 c5 7. d5 b5 8. cxb5 a6 9. a4 Qa5 10. Bd2 axb5 11. Bxb5 Ba6 12. Nf3 Qb4 13. O-O Nxe4 14. Nxe4 Qxe4 15. Re1 Qxd5 16. Rxe7 Nc6 17. Bxc6 Qxc6 18. Bc3 Rfe8 19. Rxe8+ Rxe8 20. Bxg7 Kxg7 21. b4 Be2 22. Nd4 cxd4 23. Qxd4+ Kg8 24. b5 Qc5 25. Qb2 Bc4 26. Rc1 d5 27. b6 Rb8 28. b7 Qa7 29. Rb1 Ba6 30. Qe5 Rxb7 31. Rc1 Bc4 32. Re1 Qxa4 33. Qd6 Qd7 34. Qf6 Qc8 35. h4 h5 36. Re5 Rd7 37. g4 Qd8 38. Qf4 Qxh4 39. Re8+ Kg7 40. Qe5+ f6 41. Re7+ Rxe7 42. Qxe7+ Kh6 43. Qf8+ Kg5 44. gxh5 Qg4+ 45. Kh2 Qxh5+ 46. Kg3 Qg4+ 47. Kh2 Qh4+ 48. Kg2 Qe4+ 49. Kh2 Qe5+ 50. Kg2 Bd3 51. Qc5 Qe4+ 52. Kg1 Qe1+ 53. Kg2 Be4+ 54. f3 Qe2+ 55. Qf2 Bxf3+ 56. Kg3 Qxf2+ 57. Kxf2 Be4 58. Ke3 Kf5 0-1


[Site "https://www.chess.com"]

[Event "Titled Tuesday Blitz May 4 2021"]
[White "Jary, Sergey"]
[Black "Mayaud, Raphael"]
[WhiteFideId "14110350"]
[BlackFideId "627151"]
[WhiteElo "2260"]
[BlackElo "2191"]
[Result "1/2-1/2"]
[Round "11"]
[TimeControl "180+1"]
[Date "2021.05.04"]
[WhiteClock "0:01:49"]
[BlackClock "0:00:15"]

1. Nf3 d5 2. g3 c6 3. c4 Nf6 4. Qc2 dxc4 5. Qxc4 Be6 6. Qc2 g6 7. Bg2 Bg7 8. O-O O-O 9. a3 Qc8 10. Re1 Rd8 11. e4 c5 12. d3 h6 13. Be3 Nbd7 14. Nbd2 Ng4 15. Rac1 Nxe3 16. Rxe3 b6 17. b4 cxb4 18. axb4 Qxc2 19. Rxc2 Rdc8 20. Rxc8+ Rxc8 21. d4 Rc1+ 22. Bf1 Nf6 23. d5 Bd7 24. Re1 Rxe1 25. Nxe1 a5 26. bxa5 bxa5 27. Nd3 a4 28. Nc5 Be8 29. Nc4 Ng4 30. Bd3 Ne5 31. Nxe5 Bxe5 32. Bc4 Bd6 33. Nd3 a3 34. Nc1 Ba4 35. Kf1 Bc2 36. f3 Bb4 37. Ke2 Kf8 38. Ba2 Ke8 39. Nd3 Bxd3+ 40. Kxd3 Bc5 41. h3 Bf2 42. g4 Bg3 43. Kd4 f6 44. Ke3 g5 45. Kd4 Kd7 46. Kc5 Bd6+ 47. Kb5 Kc7 48. Bc4 Kb7 49. Ba2 Kc7 50. Bc4 Kb7 51. Ba2 Kc7 1/2-1/2


[Site "https://www.chess.com"]

[Event "Titled Tuesday Blitz May 4 2021"]
[White "Jaskolka, Tomasz"]
[Black "Mchedlishvili, Mikheil"]
[WhiteFideId "1170791"]
[BlackFideId "13600966"]
[WhiteElo "2050"]
[BlackElo "2618"]
[Result "0-1"]
[Round "11"]
[TimeControl "180+1"]
[Date "2021.05.04"]
[WhiteClock "0:00:42"]
[BlackClock "0:01:05"]

1. e4 c6 2. d4 d5 3. e5 Bf5 4. Nf3 e6 5. h4 h6 6. Bd3 Bxd3 7. Qxd3 Nd7 8. c3 Ne7 9. Nbd2 c5 10. Nf1 cxd4 11. cxd4 Nc6 12. Bd2 Qb6 13. Bc3 Rc8 14. N1d2 Nb4 15. Qb1 Qa6 16. Bxb4 Bxb4 17. a3 Bxd2+ 18. Kxd2 Nb6 19. b3 Qa5+ 20. Ke3 Rc3+ 21. Kf4 Qb5 22. Nd2 Qe2 23. Nf3 Qxf2 24. Qf1 Qe3+ 25. Kg4 Qe4+ 26. Kg3 O-O 27. Rd1 Rxb3 28. Qf2 Nc4 29. Rhe1 Qg6+ 30. Kh2 Rb2 31. Qg3 Qxg3+ 32. Kxg3 Nxa3 33. Re3 Nc4 34. Rc3 a5 35. Ra1 b5 36. Ne1 a4 37. Nd3 Rd2 38. Rb1 a3 0-1


[Site "https://www.chess.com"]

[Event "Titled Tuesday Blitz May 4 2021"]
[White "Juhasz, Agoston"]
[Black "Titichoca Daza, Daniel"]
[WhiteFideId "778346"]
[BlackFideId "3309550"]
[WhiteElo "2211"]
[BlackElo "1910"]
[Result "0-1"]
[Round "11"]
[TimeControl "180+1"]
[Date "2021.05.04"]
[WhiteClock "0:00:03"]
[BlackClock "0:00:05"]

1. e4 c5 2. Nf3 e6 3. Nc3 a6 4. a4 d6 5. Be2 Nf6 6. O-O Be7 7. d4 cxd4 8. Nxd4 O-O 9. Be3 Qc7 10. g4 Nc6 11. h4 Nxd4 12. Qxd4 e5 13. Qd1 Be6 14. g5 Nd7 15. Bg4 Rac8 16. Rc1 Nb6 17. b3 Qxc3 18. Bxb6 Rc6 19. a5 Bd8 20. Bxd8 Rxd8 21. Bxe6 fxe6 22. Qg4 d5 23. exd5 exd5 24. Rfd1 e4 25. Qf5 Qxa5 26. c4 Rcd6 27. cxd5 Rxd5 28. Qe6+ Kf8 29. Re1 Re8 30. Rc8 Rxc8 31. Qxc8+ Rd8 32. Qe6 Qxe1+ 33. Kg2 Qe2 34. Qf5+ Kg8 35. Qe6+ Kh8 36. Qe7 Qf3+ 37. Kh2 Qxf2+ 38. Kh3 Qf3+ 39. Kh2 Rd2+ 0-1


[Site "https://www.chess.com"]

[Event "Titled Tuesday Blitz May 4 2021"]
[White "Jumabayev, Rinat"]
[Black "Kollars, Dmitrij"]
[WhiteFideId "13702661"]
[BlackFideId "12909572"]
[WhiteElo "2535"]
[BlackElo "2576"]
[Result "1-0"]
[Round "11"]
[TimeControl "180+1"]
[Date "2021.05.04"]
[WhiteClock "0:00:06"]
[BlackClock "0:00:04"]

1. d4 Nf6 2. c4 e6 3. Nf3 d5 4. g3 Bb4+ 5. Bd2 a5 6. Bg2 dxc4 7. Qc2 Bxd2+ 8. Qxd2 c6 9. a4 Ne4 10. Qc1 Nd6 11. Ne5 Na6 12. O-O Nb4 13. Rd1 O-O 14. Na3 Qc7 15. Qf4 Nf5 16. Nexc4 Qd8 17. Rac1 h6 18. Qd2 Nd6 19. Ne5 Bd7 20. e3 Be8 21. Qe2 Qe7 22. h4 f6 23. Nd3 Nxd3 24. Qxd3 Bf7 25. e4 Rfd8 26. e5 Nf5 27. Qc3 fxe5 28. dxe5 Qb4 29. Rxd8+ Rxd8 30. Qxb4 axb4 31. Nc4 Bh5 32. Bf1 Bf3 33. a5 Rd4 34. Ra1 Bd5 35. b3 Kf8 36. Rc1 Ke7 37. Be2 Kd8 38. Kf1 Kc7 39. Ke1 g5 40. hxg5 hxg5 41. Nd2 Ne7 42. Nf3 Bxf3 43. Bxf3 g4 44. Be2 Ng6 45. Rc5 b6 46. axb6+ Kxb6 47. Rc4 Rxc4 48. Bxc4 Nxe5 49. Bxe6 Kc5 50. Ke2 Kd4 51. Bf5 Kc3 52. Be6 c5 53. Ke3 c4 54. bxc4 b3 55. c5 1-0


[Site "https://www.chess.com"]

[Event "Titled Tuesday Blitz May 4 2021"]
[White "Kanyamarala, Tarun"]
[Black "Gandhi, Shyam"]
[WhiteFideId "45004714"]
[BlackFideId "2052008"]
[WhiteElo "2086"]
[BlackElo "1951"]
[Result "0-1"]
[Round "11"]
[TimeControl "180+1"]
[Date "2021.05.04"]
[WhiteClock "0:00:40"]
[BlackClock "0:01:26"]

1. d4 g6 2. e4 Bg7 3. Nc3 d6 4. Be3 a6 5. a4 e5 6. Nge2 exd4 7. Nxd4 Nf6 8. f3 Nbd7 9. Bc4 O-O 10. O-O Kh8 11. a5 Ne5 12. Ba2 Qe7 13. Bg5 h6 14. Be3 Bd7 15. Qd2 Nc6 16. Nxc6 Bxc6 17. Bxh6 Bxh6 18. Qxh6+ Nh7 19. Rad1 Qg5 20. Qxg5 Nxg5 21. Kf2 Rae8 22. Rd4 f5 23. exf5 gxf5 24. Rf4 Kg7 25. Rd1 Bxf3 26. gxf3 Nh3+ 27. Kg3 Nxf4 28. Kxf4 Rh8 29. Rg1+ Kf8 30. Kg3 c6 31. Bc4 d5 32. Bd3 f4+ 33. Kxf4 Rxh2 34. Rg6 Re7 35. Rf6+ Rf7 36. Rxf7+ Kxf7 37. Na4 Rh4+ 38. Ke5 Rxa4 39. Bf5 Rxa5 40. Be6+ Ke7 41. Bc8 Rb5 42. b3 Rb4 43. Bf5 b5 44. Bd3 a5 45. f4 a4 46. bxa4 bxa4 47. f5 a3 48. f6+ Kf8 0-1


[Site "https://www.chess.com"]

[Event "Titled Tuesday Blitz May 4 2021"]
[White "Kazakouski, Valery"]
[Black "Reprintsev, Alexander"]
[WhiteFideId "13507443"]
[BlackFideId "14100541"]
[WhiteElo "2546"]
[BlackElo "2194"]
[Result "1-0"]
[Round "11"]
[TimeControl "180+1"]
[Date "2021.05.04"]
[WhiteClock "0:00:18"]
[BlackClock "0:00:05"]

1. d4 d5 2. c4 e5 3. dxe5 d4 4. Nf3 Nc6 5. a3 g6 6. e3 Bg4 7. h3 Bxf3 8. Qxf3 Bg7 9. e6 fxe6 10. Be2 d3 11. Bd1 Nf6 12. O-O O-O 13. Nd2 Qd6 14. Rb1 Ne5 15. Qg3 c5 16. b3 Rad8 17. Bb2 Nc6 18. f4 Rd7 19. Bf3 Rfd8 20. Qh4 Qe7 21. g4 Ne8 22. Qxe7 Rxe7 23. Bxc6 bxc6 24. Bxg7 Kxg7 25. Rfd1 e5 26. Nf3 exf4 27. exf4 Re2 28. Rd2 Rxd2 29. Nxd2 h5 30. Kf2 hxg4 31. hxg4 Nf6 32. Kf3 Rh8 33. g5 Ne8 34. Re1 Nd6 35. Re7+ Kf8 36. Rd7 1-0


[Site "https://www.chess.com"]

[Event "Titled Tuesday Blitz May 4 2021"]
[White "Keymer, Vincent"]
[Black "TigrVShlyape"]
[WhiteFideId "12940690"]
[WhiteElo "2474"]
[BlackElo "2843"]
[Result "1-0"]
[Round "11"]
[TimeControl "180+1"]
[Date "2021.05.04"]
[WhiteClock "0:00:04"]
[BlackClock "0:00:05"]

1. Nf3 Nf6 2. c4 c6 3. Nc3 d5 4. e3 g6 5. d4 Bg7 6. Be2 O-O 7. O-O Qb6 8. b3 Bg4 9. a4 a5 10. Ba3 Re8 11. h3 Bxf3 12. Bxf3 e6 13. Be2 Na6 14. Rb1 Bf8 15. Bxf8 Rxf8 16. c5 Qc7 17. Bxa6 Rxa6 18. b4 axb4 19. Rxb4 e5 20. Qb3 exd4 21. exd4 Ra7 22. Rb1 Re8 23. Qd1 Nh5 24. Ne2 Ng7 25. Qd2 Nf5 26. R1b3 Re4 27. Ng3 Nxg3 28. fxg3 h5 29. Qf2 Qe7 30. Rb1 Kg7 31. Kh2 Qe6 32. Rxb7 Rxb7 33. Rxb7 Qf5 34. Qxf5 gxf5 35. Rb4 Re1 36. Rb6 Rd1 37. Rxc6 Rxd4 38. a5 Ra4 39. a6 d4 40. Kg1 d3 41. Kf2 Ra2+ 42. Ke3 d2 43. Ke2 f6 44. Rc7+ Kg6 45. a7 f4 46. gxf4 Kf5 47. Rb7 Ke6 48. f5+ Kd5 49. Rc7 Kd4 50. g4 hxg4 51. hxg4 Kd5 52. g5 fxg5 53. f6 1-0


[Site "https://www.chess.com"]